 Dungeon Crawl Stone Soup version 0.21.1-1-g345015fe64 (webtiles) character file.

81 Destragon the Shield-Bearer (level 4, -25/40 HPs)
             Began as a Minotaur Fighter on July 13, 2018.
             Killed from afar by a rat (26 damage)
             ... with an exploding inner flame
             ... hexed by the player character
             ... on level 2 of the Dungeon.
             The game lasted 00:10:36 (1176 turns).

Destragon the Shield-Bearer (Minotaur Fighter)      Turns: 1176, Time: 00:11:04

Health: -25/40     AC: 10    Str: 21    XL:     4   Next: 19%
Magic:  3/3        EV: 13    Int:  5    God:
Gold:   100        SH: 11    Dex: 15    Spells: 3/3 levels left

rFire    . . .     SeeInvis .   y - +0 war axe
rCold    . . .     Gourm    .   c - +1 shield
rNeg     . . .     Faith    .   b - +0 scale mail
rPois    .         Spirit   .   (helmet restricted)
rElec    .         Reflect  .   (no cloak)
rCorr    .         Harm     .   s - +0 pair of gloves
MR       .....                  g - +0 pair of boots
Stlth    +.........             v - amulet of inaccuracy
HPRegen  0.13/turn              p - +1 ring of protection
MPRegen  0.08/turn              (no ring)

@: agile
A: retaliatory headbutt, horns 2
a: no special abilities


You were on level 2 of the Dungeon.
You were very hungry.

You visited 1 branch of the dungeon, and saw 2 of its levels.

You collected 100 gold pieces.

Inventory:

Hand Weapons
 a - a +0 flail
 h - a +1 hunting sling of flaming
 u - a +0 dagger of venom
 y - a +0 war axe (weapon)
Missiles
 j - 54 stones (quivered)
Armour
 b - a +0 scale mail (worn)
 c - a +1 shield (worn)
 g - a +0 pair of boots (worn)
 s - a +0 pair of gloves (worn)
Jewellery
 p - a +1 ring of protection (left hand)
 v - an amulet of inaccuracy (around neck)
Scrolls
 k - 2 scrolls of immolation
 m - 3 scrolls of identify
 t - a scroll of remove curse
 x - a scroll of teleportation {unknown}
Potions
 d - a potion of might
 e - a potion of lignification
 l - 2 potions of agility
 n - a potion of heal wounds
 w - a potion of haste
Comestibles
 f - 5 rations


   Skills:
 + Level 4.1 Fighting
 + Level 3.3 Maces & Flails
 + Level 4.5 Armour
 + Level 0.6 Dodging
 + Level 4.5 Shields


You had 3 spell levels left.
You didn't know any spells.

Dungeon Overview and Level Annotations

Branches:
Dungeon (2/15)

Altars:


Innate Abilities, Weirdness & Mutations

You reflexively headbutt those who attack you in melee.
You have a pair of horns on your head.


Message History

The rat bites you but does no damage. You block the hobgoblin's attack.
The hobgoblin hits you but does no damage.
The rat bites you but does no damage. You block the hobgoblin's attack.
The hobgoblin hits you but does no damage.
You block the rat's attack. You block the hobgoblin's attack. x2
The rat bites you but does no damage.
The hobgoblin hits you but does no damage. x2
You feel less wooden.
Your +0 pair of gloves unmelds from your body.
Your +0 pair of boots unmelds from your body.
Your +0 scale mail unmelds from your body.
The rat barely misses you. You furiously retaliate!
You headbutt the rat!
The rat explodes!
The fiery explosion engulfs the hobgoblin.
The hobgoblin explodes!
The fiery explosion engulfs you!
* * * LOW HITPOINT WARNING * * *
The fiery explosion engulfs you!
Ouch! That really hurt!
You die...

.##########.# #...... ##.
#.# #..##.# ... #.#
........# ###.# #.#
..###.#### ##...# ##.# #
#..# # #..## ##..# .# #..#
# ....###### ##§§§# .. #..#
# .##....(.# ###§§§###[#
##..# #
.#######.####.§§@###..#
#.>.### .# #.†..#.##g##..#
####.#.#.. ..#
####...##§#..# #....#...#
#.# #...##.#.# ##.#####.##
.# ###...#...####..# ##.##
.#
#.....>.........#####.†.†
##..<##...##..#### #....##
....#...#.###..#####.##.#
.###.#.#..............##.##


You could see a hobgoblin.

Vanquished Creatures
  3 adders (D:2)
  A worm (D:2)
  A dart slug (D:1)
  4 leopard geckos
  9 bats (D:1)
  2 giant cockroaches
  3 goblins
  5 hobgoblins
  3 jackals (D:1)
  A quokka (D:2)
  2 frilled lizards (D:1)
  3 kobolds
  10 rats
47 creatures vanquished.

Notes
Turn   | Place    | Note
-------+----------+-------------------------------------------
     0 | D:1      | Destragon the Minotaur Fighter began the quest for the Orb.
     0 | D:1      | Reached XP level 1. HP: 19/19 MP: 0/0
   160 | D:1      | Reached XP level 2. HP: 27/27 MP: 1/1
   659 | D:1      | Reached XP level 3. HP: 33/33 MP: 2/2
  1075 | D:2      | Reached XP level 4. HP: 32/40 MP: 3/3
  1146 | D:2      | HP: 2/40 [poisoned by an adder]
  1153 | D:2      | HP: 1/60 [poisoned by an adder]
  1160 | D:2      | HP: 1/60 [poisoned by an adder]
  1176 | D:2      | HP: 1/40 [hobgoblin/exploding inner flame[the player character] (18)]
  1176 | D:2      | Killed from afar by a rat

Skill      XL: |  1  2  3 |
---------------+----------+-----
Armour         | 4 |  4.5
Shields        | 4 |  4.5
Fighting       | 4 |  4.1
Maces & Flails | 3 |  3.3
Dodging        | |  0.6

Action                   |  1- 3 |  4- 6 || total
-------------------------+-------+-------++-------
Melee: Flail             |    66 |       ||    66
       Headbutt          |     9 |     1 ||    10
       Dagger            |    33 |     3 ||    36
       War axe           |       |    14 ||    14
  Use: Scroll            |       |     8 ||     8
       Potion            |       |     3 ||     3
Armor: Scale mail        |    62 |    17 ||    79
       Skin              |       |    34 ||    34
Dodge: Dodged            |    35 |    13 ||    48
Block: Shield            |    73 |    43 ||   116
